 Dungeon Crawl Stone Soup version 0.24.0-1-gfbc8707 (webtiles) character file.

Game seed: 13911737171789321050, levelgen mode: deterministic

345 Buxparty the Skirmisher (level 6, -4/48 HPs)
             Began as a Mummy Gladiator on Jan 5, 2020.
             Slain by an orc warrior
             ... wielding a +0 scimitar
              (24 damage)
             ... on level 5 of the Dungeon.
             The game lasted 00:08:25 (3282 turns).

Buxparty the Skirmisher (Mummy Gladiator)           Turns: 3282, Time: 00:08:26

Health: -4/48      AC:  4    Str: 20    XL:     6   Next: 32%
Magic:  6/6        EV: 13    Int:  7    God:
Gold:   126        SH:  0    Dex: 13    Spells: 5/5 levels left

rFire    x . .     SeeInvis .   a - +0 war axe
rCold    + . .     Gourm    .   (no shield)
rNeg     + + +     Faith    .   b - +0 leather armour
rPois    ∞         Spirit   .   c - +0 helmet
rElec    .         Reflect  .   (no cloak)
rCorr    +         Harm     .   (no gloves)
MR       .....                  (no boots)
Stlth    ++........             (no amulet)
HPRegen  0.16/turn              f - ring of resist corrosion
MPRegen  0.10/turn              k - ring of stealth

@: no status effects
A: no food or potions, fire vulnerability, cold resistance 1, negative energy
resistance 3, torment resistance, unbreathing
a: no special abilities


You were on level 5 of the Dungeon.
You were not hungry.

You visited 1 branch of the dungeon, and saw 6 of its levels.

You collected 126 gold pieces.

Inventory:

Hand Weapons
 a - a +0 war axe (weapon)
Missiles
 d - 2 throwing nets
 j - 16 poisoned darts (quivered)
Armour
 b - a +0 leather armour (worn)
 c - a +0 helmet (worn)
 i - a cursed +0 robe
Jewellery
 f - a ring of resist corrosion (left hand)
 k - a ring of stealth (right hand)
 p - an uncursed amulet of guardian spirit
Wands
 l - a wand of paralysis (9)
 m - a wand of polymorph (18)
 q - a wand of random effects (12)
Scrolls
 e - 6 scrolls of identify {unknown}
 g - a scroll of teleportation {unknown}
 h - 3 scrolls of enchant armour {unknown}
 n - 2 scrolls of amnesia {unknown}
 o - 3 scrolls of remove curse {unknown}


   Skills:
 + Level 3.7 Fighting
 + Level 3.5 Axes
 - Level 1.5 Throwing
 + Level 2.3 Armour
 + Level 3.6 Dodging


You had 5 spell levels left.
You didn't know any spells.
Your spell library was empty.

Dungeon Overview and Level Annotations

Branches:
Dungeon (6/15)
 Temple: D:4-7

Altars:
Dithmenos
Makhleb


Innate Abilities, Weirdness & Mutations

You do not eat or drink.
Your flesh is vulnerable to fire.
You are immune to poison.
Your flesh is cold resistant. (rC+)
You are immune to negative energy. (rN+++)
You are immune to unholy pain and torment.
You can survive without breathing.


Message History

You throw a poisoned dart. The poisoned dart hits the orc warrior.
The orc warrior is poisoned.
The orc warrior is severely wounded.
You barely miss the orc warrior.
The orc warrior is severely wounded.
You slash the orc!
You kill the orc!
The orc warrior barely misses you.
You hit the orc warrior but do no damage.
The orc warrior is severely wounded.
The orc warrior hits you with a +0 scimitar!
The orc warrior hits you with a +0 scimitar.
You hit the orc warrior but do no damage.
The orc warrior is severely wounded.
The orc warrior looks more healthy.
The orc warrior misses you.
You hit the orc warrior but do no damage.
The orc warrior is severely wounded.
The orc warrior hits you with a +0 scimitar!!
Ouch! That really hurt!
You die...

######
###....##
#.......#
##.......#
##.....@>.#
#.....)o..#
##.........#
#.......%..#
#..........#
#..........#
##.....%...#
#.........#
#.........#


You could see an orc warrior.

Vanquished Creatures
  A howler monkey (D:4)
  2 orc priests (D:4)
  A hound (D:2)
  An orc wizard (D:4)
  A worker ant (D:4)
  3 gnolls (D:4)
  4 adders
  An ooze (D:1)
  2 worms (D:2)
  2 dart slugs
  3 leopard geckos (D:1)
  7 orcs
  5 bats
  5 giant cockroaches
  13 goblins
  6 hobgoblins
  5 jackals (D:2)
  11 kobolds
  3 quokkas
  3 frilled lizards (D:1)
  A quokka skeleton (D:4)
  4 rats
84 creatures vanquished.

Notes
Turn   | Place    | Note
-------+----------+-------------------------------------------
     0 | D:1      | Buxparty the Mummy Gladiator began the quest for the Orb.
     0 | D:1      | Reached XP level 1. HP: 16/16 MP: 1/1
    92 | D:1      | Reached XP level 2. HP: 21/22 MP: 2/2
   294 | D:1      | Reached XP level 3. HP: 22/28 MP: 3/3
   606 | D:1      | Reached skill level 1 in Armour
  1022 | D:2      | Found a burning altar of Makhleb.
  1037 | D:2      | Reached XP level 4. HP: 10/34 MP: 4/4
  1570 | D:2      | Found a shadowy altar of Dithmenos.
  2231 | D:3      | Reached XP level 5. HP: 41/41 MP: 5/5
  2928 | D:4      | Reached XP level 6. HP: 40/47 MP: 6/6
  3105 | D:4      | You fall into a shaft and drop 2 floors!
  3114 | D:5      | Entered Level 5 of the Dungeon
  3152 | D:5      | Noticed an orc warrior
  3282 | D:5      | Slain by an orc warrior

Levels and vault maps discovered:
D:1:      eino_arrival_tree_alley, layout_basic, minmay_split_cup_small
D:2:      layout_basic, lemuel_crystal_altar, first_ration,
          hangedman_decor_lopped, makhleb_heckhound_becter
D:3:      layout_basic, chequers_garden
D:4:      layout_rooms, hangedman_glass_garden, uniq_robin
D:5:      layout_cave_pods, minmay_temple_entry_nine_rooms
D:6:      layout_rooms, grunt_temple_overflow_open, uniq_pikel

Skill      XL: |  1  2  3  4  5 |
---------------+----------------+-----
Armour         | 1 2 |  2.3
Dodging        | 3 |  3.6
Axes           | 3 |  3.5
Fighting       | 3 |  3.7
Throwing       | |  1.5

Action                   |  1- 3 |  4- 6 || total
-------------------------+-------+-------++-------
Melee: War axe           |    86 |   128 ||   214
Throw: Dart              |     4 |    19 ||    23
       Throwing net      |     1 |       ||     1
 Stab: Sleeping          |     1 |     4 ||     5
Armor: Leather armour    |    36 |    31 ||    67
Dodge: Dodged            |    70 |    99 ||   169
